 Dungeon Crawl Stone Soup version 0.28.0-53-g5a82cb258f (webtiles) character file.

Game seed: 9728976962890955756

4312 styxcanada the Covert (level 10, 0/51 HPs)
             Began as a Spriggan Brigand on Aug 21, 2022.
             Was an Initiate of Gozag.
             Slain by an orc warrior
             ... wielding a +0 halberd
              (25 damage)
             ... in a bailey.
             The game lasted 00:42:51 (8520 turns).

styxcanada the Covert (Spriggan Brigand)            Turns: 8520, Time: 00:42:51

Health: 0/51       AC:  4    Str:  7    XL:     10   Next: 11%
Magic:  19/19      EV: 23    Int: 14    God:    Gozag
Gold:   723        SH:  0    Dex: 24    Spells: 17/19 levels left

rFire   . . .      SeeInvis +   a - +4 dagger
rCold   . . .      Faith    .   (no shield)
rNeg    . . .      Spirit   .   b - +0 robe
rPois   +          Reflect  .   (helmet restricted)
rElec   .          Harm     .   j - +1 cloak
rCorr   .          Rampage  .   (gloves unavailable)
Will    ++...                   (boots unavailable)
Stlth   ++++++....              r - amulet of regeneration
HPRegen 0.97/turn               u - ring "Urhasemm" {+Blink Fly rPois Will+ Dex+4}
MPRegen 0.16/turn               B - +4 ring of slaying

@: flying, very quick
A: very small, no large weapons, unfitting armour, see invisible, speed 3
a: Renounce Religion, Evoke Blink, Potion Petition, Call Merchant, Bribe Branch


You were in a bailey.
You worshipped Gozag.
Gozag was pleased with you.
You visited 2 branches of the dungeon, and saw 9 of its levels.
You also visited: Ossuary and Bailey.

You collected 814 gold pieces.
You paid 91 gold pieces to Gozag.

Inventory:

Hand Weapons
 a - a +4 dagger (weapon)
 m - a +0 hunting sling
 p - a +2 quarterstaff of chaos
 s - a +1 dagger of holy wrath
Missiles
 d - 5 atropa-tipped darts
 n - 35 sling bullets
 o - 103 stones (quivered)
 F - 2 poisoned darts
Armour
 b - a +0 robe (worn)
 j - a +1 cloak (worn)
 k - a scarf of shadows
Jewellery
 g - an amulet of faith
 h - a ring of magical power
 r - an amulet of regeneration (around neck)
 u - the ring "Urhasemm" (left hand) {+Blink Fly rPois Will+ Dex+4}
   (You acquired it on level 5 of the Dungeon)

   [ring of flight]

   Dex:       It affects your dexterity (+4).
   rPois:     It protects you from poison.
   Fly:       It grants you flight.
   +Blink:    It lets you blink.
   Will:      It increases your willpower.
 B - a +4 ring of slaying (right hand)
Wands
 e - a wand of digging (4)
 t - a wand of flame (17)
 y - a wand of polymorph (23)
 C - a wand of acid (2)
Scrolls
 c - a scroll of blinking {unknown}
 E - 2 scrolls of teleportation
Potions
 f - 3 potions of brilliance
 i - 2 potions of mutation
 l - 5 potions of heal wounds
 q - a potion of lignification
 v - 3 potions of invisibility {unknown}
 w - a potion of berserk rage {unknown}
 x - 2 potions of magic {unknown}
 z - 2 potions of might {unknown}
 A - 3 potions of resistance {unknown}
 D - 2 potions of cancellation {unknown}


   Skills:
 + Level 4.4 Fighting
 + Level 5.9 Short Blades
 + Level 3.7 Throwing
 * Level 6.9 Dodging
 * Level 13.1 Stealth
 * Level 5.4 Spellcasting
 * Level 2.0 Conjurations
 * Level 4.8 Transmutations
 * Level 2.3 Fire Magic
 * Level 3.2 Poison Magic
 * Level 0.2 Evocations


You had 17 spell levels left.
You knew the following spells:

 Your Spells              Type           Power      Damage    Failure   Level
a - Sting                 Tmut/Pois      60%        1d6       3%          1
b - Foxfire               Conj/Fire      36%        2x1d5     7%          1

Your spell library contained the following spells:

 Spells                   Type           Power      Damage    Failure   Level
 Passwall                 Tmut/Erth      8%         N/A       10%         2
 Poisonous Vapours        Pois/Air       16%        N/A       13%         2
 Sandblast                Erth           6%         2d5       17%         1
 Conjure Flame            Conj/Fire      9%         6-21      21%         3
 Inner Flame              Hex/Fire       7%         N/A       30%         3
 Stone Arrow              Conj/Erth      12%        3d7       32%         3
 Olgreb's Toxic Radiance  Pois           12%        N/A       41%         4
 Flame Wave               Conj/Fire      9%         2d5       56%         4


Dungeon Overview and Level Annotations

Branches:
Dungeon (8/15)             Temple (1/1) D:6            Lair (0/6) D:8
Ossuary (visited)          Bailey (1/1)

Altars:
Ashenzari
Cheibriados
Dithmenos
Elyvilon
Fedhas
Gozag
Hepliaklqana
Kikubaaqudgha
Makhleb
Nemelex Xobeh
Okawaru
Qazlal
Ru
Sif Muna
Trog
Uskayaw
Vehumet
Wu Jian
Xom
Yredelemnul
Zin
The Shining One

Annotations:
D:8 2 transporters, turdburglar's ghost, novice TrTm


Innate Abilities, Weirdness & Mutations

You are very small and have problems with some larger weapons.
You are too small for most types of armour.
You have supernaturally acute eyesight. (SInv)
You cover ground extremely quickly. (Speed+++)


Message History

Your Conjurations skill increases to level 2!
You now have 717 gold pieces (gained 5).
Things that are here:
a +0 trident; a +0 ring mail
There is an open door here.
You reach down and open the door.
An orc comes into view. It is wielding a +0 trident.
There is an open door here.
The helpless orc fails to defend itself.
You skewer the orc like a kebab!!!!
You kill the orc!
You now have 723 gold pieces (gained 6).
Things that are here:
a +0 trident; a +0 chain mail
There is an open door here.
You reach down and open the door.
An orc warrior comes into view. It is wielding a +0 halberd.
The orc warrior barely misses you.
There is an open door here.
You puncture the orc warrior!
The orc warrior is moderately wounded.
You hit the orc warrior.
The orc warrior is moderately wounded.
The orc warrior closely misses you.
You hit the orc warrior.
The orc warrior is heavily wounded.
The orc warrior hits you with a +0 halberd!
You miss the orc warrior.
The orc warrior is heavily wounded.
The orc warrior misses you.
You hit the orc warrior.
The orc warrior is heavily wounded.
You hit the orc warrior.
The orc warrior is severely wounded.
The orc warrior hits you with a +0 halberd!!
You closely miss the orc warrior.
The orc warrior is severely wounded.
The orc warrior hits you with a +0 halberd!!
You die...
Your body crumbles into a pile of gold.

###......≈##.#
#########...≈≈≈.≈
##.......##.......
##..#'#'#..##......
#..##)#)##..#......
#.#########.##.....
#.+ #)'.##.....
#.### ###.##.....
#.@o# #.'.##.....
#.### ###.##.....
#.. #..##..... ##.
#......... #.
#......... #
#....≈≈≈.≈
###....≈##)#
........≈#∩)#
..............


You could see an orc warrior.

Vanquished Creatures
  A manticore (D:7)
  A wyvern (D:7)
  Eustachio (D:5)
  3 wargs
  Duvessa (D:7)
  2 water moccasins
  6 orc warriors
  A sky beast (D:6)
  A black bear (D:6)
  A necrophage (D:7)
  An ogre (D:6)
  4 centaurs
  2 elf zombies (D:5)
  A bullfrog (D:8)
  3 scorpions
  4 water moccasin zombies (Ossuary)
  A wyvern skeleton (D:7)
  Dowan (D:7)
  3 wights (D:6)
  A howler monkey (D:5)
  A human zombie (D:5)
  Crazy Yiuf (D:3)
  2 jellies
  2 orc priests
  2 hounds (D:6)
  2 bullfrog skeletons
  6 iguanas
  Natasha (thrice) (D:3)
  4 orc wizards
  A hound zombie (D:5)
  2 mummies (Ossuary)
  A howler monkey zombie (D:8)
  8 adders
  4 shadow imps
  2 white imps
  An ufetubus (D:6)
  6 adder zombies (Ossuary)
  An adder skeleton (D:4)
  2 dart slugs (D:1)
  23 orcs
  5 endoplasms
  2 giant cockroaches
  9 goblins
  5 hobgoblins
  5 jackals
  7 kobolds
  A quokka (D:2)
  10 ball pythons
  9 bats
  2 frilled lizards
  A gnoll zombie (Ossuary)
  3 hobgoblin zombies (Ossuary)
  4 kobold zombies (Ossuary)
  10 orc zombies
  10 rats
196 creatures vanquished.

Vanquished Creatures (others)
  37 foxfires
37 creatures vanquished.

Grand Total: 233 creatures vanquished

Notes
Turn   | Place    | Note
-------+----------+-------------------------------------------
     0 | D:1      | styxcanada the Spriggan Brigand began the quest for the
                  | Orb.
     0 | D:1      | Reached XP level 1. HP: 10/10 MP: 2/2
    33 | D:1      | Reached skill level 6 in Stealth
   183 | D:1      | Reached XP level 2. HP: 14/14 MP: 3/3
   688 | D:1      | Reached skill level 7 in Stealth
   745 | D:1      | You fall into a shaft and drop 1 floor!
   747 | D:2      | Reached XP level 3. HP: 18/18 MP: 4/4
   790 | D:2      | Found a shimmering blue altar of Sif Muna.
  1144 | D:2      | Reached skill level 1 in Spellcasting
  1329 | D:2      | Reached XP level 4. HP: 16/23 MP: 6/6
  1501 | D:2      | Learned a level 1 spell: Sting
  1695 | D:3      | Noticed a scorpion
  2055 | D:3      | Reached skill level 8 in Stealth
  2057 | D:3      | Reached XP level 5. HP: 12/26 MP: 6/8
  2232 | D:3      | Found a faded altar of an unknown god.
  2305 | D:3      | Found a runed translucent door.
  2306 | D:3      | Noticed Crazy Yiuf
  2331 | D:3      | Noticed Natasha
  2334 | D:3      | Killed Natasha
  2335 | D:3      | Killed Crazy Yiuf
  2349 | D:3      | Noticed Natasha
  2379 | D:3      | Killed Natasha
  2598 | D:3      | Reached XP level 6. HP: 31/31 MP: 10/10
  2881 | D:3      | Found a sparkling altar of Nemelex Xobeh.
  2920 | D:3      | Noticed Natasha
  2930 | D:3      | Killed Natasha
  3394 | D:4      | Found a white marble altar of Elyvilon.
  3692 | D:4      | Reached skill level 9 in Stealth
  4172 | D:5      | Entered Level 5 of the Dungeon
  4184 | D:5      | Noticed Eustachio
  4328 | D:5      | Killed Eustachio
  4329 | D:5      | Reached XP level 7. HP: 35/35 MP: 10/12
  4744 | D:5      | Reached skill level 10 in Stealth
  4796 | D:5      | Identified a scroll of acquirement
  4796 | D:5      | Acquired the ring "Urhasemm" {+Blink Fly rPois Will+ Dex+4}
  4912 | D:5      | Found a sand-covered staircase.
  4915 | D:5      | Reached XP level 8. HP: 40/40 MP: 14/14
  4917 | Ossuary  | Entered an ossuary
  5108 | Ossuary  | Learned a level 1 spell: Foxfire
  5158 | Ossuary  | Reached skill level 1 in Transmutations
  5195 | Ossuary  | Reached skill level 11 in Stealth
  5830 | D:6      | Identified the +0 ring mail of Fiukk {rF+ Will+}
  5841 | D:6      | Found a staircase to the Ecumenical Temple.
  5851 | Temple   | Entered the Ecumenical Temple
  5858 | Temple   | Became a worshipper of Gozag Ym Sagoz the Greedy
  6158 | D:6      | Reached skill level 5 in Dodging
  6231 | D:6      | Reached skill level 5 in Short Blades
  6231 | D:6      | Reached skill level 1 in Poison Magic
  6520 | D:6      | Reached XP level 9. HP: 45/45 MP: 16/16
  6543 | D:6      | Reached skill level 1 in Fire Magic
  6695 | D:7      | Reached skill level 12 in Stealth
  6695 | D:7      | Reached skill level 1 in Conjurations
  6733 | D:7      | Noticed Dowan
  6734 | D:7      | Noticed Duvessa
  6740 | D:7      | Killed Dowan
  6745 | D:7      | Killed Duvessa
  6882 | D:7      | Noticed a manticore
  6888 | D:7      | Killed a manticore
  7257 | D:7      | Found a burning altar of Makhleb.
  7257 | D:7      | Found a hazy altar of Hepliaklqana.
  7488 | D:8      | Found a transporter.
  7489 | D:8      | Noticed turdburglar's ghost (novice TrTm)
  7490 | D:8      | Found a transporter.
  7492 | D:8      | Noticed a two-headed ogre
  7516 | D:8      | Reached skill level 5 in Spellcasting
  7684 | D:8      | Found a staircase to the Lair.
  7857 | D:7      | Reached skill level 13 in Stealth
  8199 | D:8      | Found a flagged portal.
  8230 | Bailey   | Entered a bailey
  8260 | Bailey   | Reached XP level 10. HP: 51/51 MP: 14/18
  8520 | Bailey   | Slain by an orc warrior

Illustrated notes

Levels and vault maps discovered:
D:1:      wheals_arrival_shading, layout_loops_cross
D:2:      layout_basic, basic_altar
D:3:      layout_basic, nemelex_diamond_rough_becter,
          ebering_ecumenical_altar_sacrificial, due_unseen_surprise,
          uniq_crazy_yiuf_cottage, uniq_natasha
D:4:      layout_gridville, mainiacjoe_overflow_brackets
D:5:      layout_loops_ring, nicolae_ossuary_entry_catacombs, uniq_eustachio
D:6:      layout_rooms, minmay_temple_entry_slanted
D:7:      layout_gridville, mainiacjoe_overflow_divided_tiny,
          chequers_serial_rivers_room_b, uniq_duvessa
D:8:      layout_rooms, erik_lair_orcish_takeover, gammafunk_ghost_smash,
          enter_bailey_5, hangedman_misty_isle
Temple:   nicolae_temple_no_exploring_needed
Bailey:   bailey_polearm_2, bailey

Skill      XL: |  1  2  3  4  5  6  7  8  9 10 |
---------------+-------------------------------+-----
Stealth        | 6 7 8 9 10 11 13 | 13.1
Spellcasting   | 1 2 3 4 5 |  5.4
Fighting       | 2 3 4 |  4.4
Dodging        | 2 3 4 5 6 |  6.9
Short Blades   | 3 4 5 |  5.9
Throwing       | 3 |  3.7
Transmutations | 2 4 |  4.8
Poison Magic   | 1 3 |  3.2
Fire Magic     | 2 |  2.3
Conjurations   | 1 2 |  2.0
Evocations     | |  0.2

Action                   |  1- 3 |  4- 6 |  7- 9 | 10-12 || total
-------------------------+-------+-------+-------+-------++-------
Melee: Dagger            |   138 |   129 |   540 |    40 ||   847
       Punch             |     2 |     2 |    14 |     1 ||    19
Throw: Dart              |     3 |    42 |    18 |       ||    63
       Stone             |       |       |     4 |       ||     4
 Cast: Foxfire           |       |       |    22 |       ||    22
       Sting             |       |       |    23 |     4 ||    27
 Abil: Evoke Blink       |       |       |     1 |       ||     1
Evoke: Wand              |       |       |     4 |       ||     4
  Use: Scroll            |       |     6 |    11 |       ||    17
       Potion            |       |       |     2 |       ||     2
 Stab: Sleeping          |    18 |    11 |    27 |     3 ||    59
       Distracted        |       |     2 |     5 |       ||     7
       Invisible         |       |       |     4 |       ||     4
Armor: Robe              |    18 |    11 |    48 |     1 ||    78
Dodge: Dodged            |    92 |    96 |   433 |    22 ||   643
